 Dungeon Crawl Stone Soup version 0.30.1-11-g7821555f0a (webtiles) character file.

Game seed: 7306134968729297221

527 Nonny the Slasher (level 7, -4/55 HPs)
             Began as a Merfolk Cinder Acolyte on Dec 2, 2023.
             Was a High Priest of Ignis.
             Splashed by a jelly's acid (8 damage)
             ... on level 5 of the Dungeon.
             The game lasted 00:09:33 (4011 turns).

Nonny the Slasher (Merfolk Cinder Acolyte)          Turns: 4011, Time: 00:09:33

Health: -4/55      AC: -1    Str: 15    XL:     7   Next: 23%
Magic:  8/8        EV: 12    Int: 13    God:    Ignis [*****.]
Gold:   207        SH:  0    Dex: 17    Spells: 6/8 levels left

rFire   + . .        n - +2 dagger (venom)
rCold   . . .        (no shield)
rNeg    . . .        d - +0 ring mail
rPois   +            (no helmet)
rElec   .            f - +1 cloak
rCorr   .            (no gloves)
SInv    .            p - +0 pair of boots
Will    .....        t - amulet of magic regeneration
Stlth   ++           j - +6 ring of dexterity
HPRegen 0.29/turn    s - ring of poison resistance
MPRegen 0.51/turn

%: no passive effects
@: corroded, fiery-armoured, flying
A: (nimble swimmer 2), mertail
a: Renounce Religion, Fiery Armour, Foxfire Swarm, Rising Flame


You were on level 5 of the Dungeon.
You worshipped Ignis.
Ignis was extremely pleased with you.
You visited 1 branch of the dungeon, and saw 5 of its levels.

You collected 207 gold pieces.

Inventory:

Hand Weapons
 a - a -1 falchion of flaming
 l - a +2 dagger of electrocution
 n - a +2 dagger of venom (weapon)
Missiles
 g - 22 poisoned darts (quivered)
 o - a throwing net
Armour
 d - a +0 ring mail (worn)
 f - a +1 cloak (worn)
 p - a +0 pair of boots (worn)
Jewellery
 j - a +6 ring of dexterity (left hand)
 m - a ring of resist corrosion
 s - a ring of poison resistance (right hand)
 t - an amulet of magic regeneration (around neck)
 x - a ring of fire
Scrolls
 b - a scroll of enchant armour
 e - 2 scrolls of teleportation {unknown}
 h - a scroll of vulnerability {unknown}
 i - 4 scrolls of amnesia {unknown}
 r - 2 scrolls of fear {unknown}
 v - a scroll of noise {unknown}
Potions
 c - 3 potions of brilliance
 k - a potion of flight
 q - a potion of haste {unknown}
 u - 2 potions of cancellation
 w - a potion of heal wounds {unknown}
 z - a potion of might


   Skills:
 + Level 4.9 Fighting
 + Level 6.6 Long Blades
 + Level 3.0 Dodging
 * Level 4.4 Stealth
 - Level 1.0 Spellcasting
 - Level 2.1 Fire Magic


You had 6 spell levels left.
You knew the following spells:

 Your Spells              Type           Power      Damage    Failure   Level
a - Scorch                Fire           12%        2d6       34%         2

Your spell library contained the following spells:

 Spells                   Type           Power      Damage    Failure   Level
 Lesser Beckoning         Tloc           0%         N/A       63%         2
 Sublimation of Blood     Necr           0%         N/A       63%         2
 Gell's Gravitas          Tloc           0%         N/A       86%         3
 Teleport Other           Tloc           0%         N/A       86%         3
 Petrify                  Tmut/Erth      0%         N/A       99%         4
 Irradiate                Conj/Tmut      0%         3d11      100%        5


Dungeon Overview and Level Annotations

Branches:
Dungeon (5/15)
 Temple: D:4-7

Altars:
Cheibriados
Makhleb
Nemelex Xobeh
Qazlal
Wu Jian
Zin
The Shining One

Shops:
D:3 !


Innate Abilities, Weirdness & Mutations

((You are very nimble when in or above water. (Stealth+, EV+, Speed+++)))
Your lower body shifts to a powerful aquatic tail in water.


Message History

The jelly is lightly wounded.
The jelly barely misses you.
You hit the jelly.
Your hands burn!
The jelly is moderately wounded.
The jelly barely misses you.
The endoplasm quivers.
You hit the jelly but do no damage.
The jelly is poisoned.
The acid corrodes you!
Your hands burn!
The jelly is moderately wounded.
The jelly hits you. The acid corrodes you!
You are splashed with acid!
You hit the jelly but do no damage. The acid corrodes you!
Your hands burn!
The jelly is moderately wounded.
The jelly attacks as you move away! The jelly hits you. The acid corrodes you!
You are splashed with acid.
* * * LOW HITPOINT WARNING * * *
Okay, then.
A protective cloak of flame settles atop you.
The jelly completely misses you.
Unknown command.
Unknown command.
You hit the endoplasm but do no damage.
You punch the endoplasm, but do no damage.
The jelly closely misses you. The endoplasm barely misses you.
You hit the endoplasm but do no damage. The endoplasm barely misses you.
The jelly hits you.
* * * LOW HITPOINT WARNING * * *
You are splashed with acid!
* * * LOW HITPOINT WARNING * * *
The jelly is burned by your cloak of flames.
The jelly is severely wounded.
It was a potion of flight.
You feel very buoyant.
You fly up into the air.
The endoplasm freezes you.
You are frozen.
* * * LOW HITPOINT WARNING * * *
The jelly hits you.
* * * LOW HITPOINT WARNING * * *
You are splashed with acid!
You die...

#. #........ ####.
#.#####.#
.....#####.#####.##
..................#
##.....#........#
##'''#########..
##.).## ##..)))##
#...@...# #...JJ..#
#.......# #.......#
####....#
##.......#
#J########
##..J..)##
#######'#


You could see a jelly (poisoned) and an endoplasm.

Vanquished Creatures
  Sigmund (D:3)
  An ogre (D:4)
  A phantom (D:4)
  A jelly (D:5)
  A hound (D:4)
  2 adders
  5 worms
  4 dart slugs
  2 orcs
  9 ball pythons
  6 bats
  12 endoplasms
  6 giant cockroaches
  5 goblins
  8 hobgoblins
  10 jackals
  5 quokkas
  A frilled lizard (D:3)
  17 kobolds
  16 rats
113 creatures vanquished.

Notes
Turn   | Place    | Note
-------+----------+-------------------------------------------
     0 | D:1      | Nonny the Merfolk Cinder Acolyte began the quest for the
                  | Orb.
     0 | D:1      | Reached XP level 1. HP: 18/18 MP: 2/2
    11 | D:1      | Starting vault: fountain pond
   139 | D:1      | Reached XP level 2. HP: 19/24 MP: 3/3
   144 | D:1      | Reached skill level 4 in Long Blades
   255 | D:1      | Learned a level 2 spell: Scorch
   383 | D:1      | Reached XP level 3. HP: 30/30 MP: 4/4
   485 | D:1      | Reached skill level 1 in Stealth
  1345 | D:2      | Reached XP level 4. HP: 37/37 MP: 5/5
  1558 | D:2      | Reached skill level 1 in Dodging
  1758 | D:3      | Noticed Sigmund
  1888 | D:3      | You fall into a shaft and drop 1 floor!
  1964 | D:4      | Found a snail-covered altar of Cheibriados.
  1974 | D:4      | Found a glowing silver altar of Zin.
  1975 | D:4      | Found a sparkling altar of Nemelex Xobeh.
  2012 | D:4      | Noticed a phantom
  2039 | D:4      | Killed a phantom
  2040 | D:4      | Reached skill level 5 in Long Blades
  2040 | D:4      | Reached XP level 5. HP: 41/42 MP: 6/6
  2612 | D:4      | Noticed an ogre
  2630 | D:4      | Killed an ogre
  2631 | D:4      | Reached skill level 6 in Long Blades
  2631 | D:4      | Reached XP level 6. HP: 34/49 MP: 7/7
  3105 | D:3      | Forest trail vault.
  3301 | D:3      | Found a burning altar of Makhleb.
  3304 | D:3      | Found a glowing golden altar of the Shining One.
  3304 | D:3      | Found a stormy altar of Qazlal.
  3311 | D:3      | Found an ornate altar of the Wu Jian Council.
  3323 | D:3      | Identified the +8 mace "Gionesur" {freeze, +Blink Int+4}
  3338 | D:3      | Found Koklub's Distillery.
  3358 | D:3      | Killed Sigmund
  3359 | D:3      | Reached XP level 7. HP: 47/55 MP: 8/8
  3778 | D:5      | Entered Level 5 of the Dungeon
  3917 | D:5      | Noticed a slime creature
  3917 | D:5      | Noticed a slime creature
  3917 | D:5      | Noticed a slime creature
  4011 | D:5      | Splashed by a jelly's acid

Illustrated notes # .# ###. #.. #.# ♣♣♣♣♣.♣♣♣ ♣...@..<♣ ♣.PPPPP.♣ ♣.P~~≈P.♣ ♣.P~8~P.♣ ♣.P~≈~P.♣ ♣.PPPPP.♣ ♣.......♣ ♣♣♣♣♣♣♣♣♣ Turn 11 on D:1: Starting vault: fountain pond

♣..♣♣...♣
♣♣†...♣♣♣
♣♣♣.♣♣ ♣[♣♣♣
♣♣..♣ . ♣♣.♣
...♣♣ ♣♣.♣
♣....♣♣♣♣.♣♣
♣..@..♣♣
♣...♣♣♣♣
♣.(. ...r.
♣♣♣♣♣. ♣♣
##########


Turn 3105 on D:3: Forest trail vault.

Levels and vault maps discovered:
D:1:      tarquinn_simple_flora_water_a, layout_loops_ring, st_stairs_12
D:2:      layout_basic, kennysheep_nub
D:3:      kb_forest_paths, layout_loops_ring, grunt_temple_overflow_open,
          serial_shops, shop, dk_noncrumbling_2, nrook_campfire, uniq_sigmund
D:4:      layout_loops_corners, gammafunk_temple_overflow_forgotten,
          kennysheep_cluttered_room, grunt_ministairs_9
D:5:      cheibrodos_fertilizer, layout_basic, minmay_misc_feat_roman

Skill      XL: |  1  2  3  4  5  6  7 |
---------------+----------------------+-----
Long Blades    | 4 5 6 |  6.6
Stealth        | 1 2 3 4 |  4.4
Fighting       | 4 |  4.9
Dodging        | 1 2 3 |  3.0
Spellcasting   | |  1.0
Fire Magic     | |  2.1

Action                     |  1- 3 |  4- 6 |  7- 9 || total
---------------------------+-------+-------+-------++-------
  Melee: Falchion          |   151 |    36 |       ||   187
         Punch             |     1 |     1 |     1 ||     3
         Dagger            |       |   128 |    46 ||   174
   Cast: Scorch            |     2 |     1 |       ||     3
 Invoke: Fiery Armour      |       |     2 |     1 ||     3
    Use: Scroll            |       |     3 |       ||     3
         Potion            |       |       |     1 ||     1
   Stab: Sleeping          |       |     6 |     2 ||     8
 Armour: Robe              |    13 |       |       ||    13
         Ring mail         |    25 |    37 |    17 ||    79
  Dodge: Dodged            |    79 |    76 |    34 ||   189
